 Dungeon Crawl Stone Soup version 0.29.1-4-g47bece8355 (webtiles) character file.

Game seed: 15387242837384134318

72 xsamass the Sneak (level 4, -2/21 HPs)
             Began as a Spriggan Conjurer on Dec 8, 2022.
             Was an Initiate of Yredelemnul.
             Succumbed to a water moccasin's poison
             ... on level 4 of the Dungeon.
             The game lasted 00:13:01 (2769 turns).

xsamass the Sneak (Spriggan Conjurer)               Turns: 2769, Time: 00:13:02

Health: -2/21      AC:  2    Str:  3    XL:     4   Next: 6%
Magic:  3/10       EV: 17    Int: 21    God:    Yredelemnul [......]
Gold:   59         SH:  0    Dex: 13    Spells: 7/10 levels left

rFire   . . .      SeeInvis +   (weapon restricted)
rCold   . . .      Faith    .   (no shield)
rNeg    . . .      Spirit   .   a - +0 robe
rPois   .          Reflect  .   (helmet restricted)
rElec   .          Harm     .   (no cloak)
rCorr   .          Rampage  .   (gloves unavailable)
Will    .....                   (boots unavailable)
Stlth   +++.......              (no amulet)
HPRegen 0.07/turn               (no ring)
MPRegen 0.12/turn               (no ring)

@: lethally poisoned (-2 -> -23), very quick
A: very small, no large weapons, unfitting armour, see invisible, speed 3
a: Renounce Religion, Recall Undead Harvest


You were on level 4 of the Dungeon.
You worshipped Yredelemnul.
Yredelemnul was noncommittal.
You visited 1 branch of the dungeon, and saw 4 of its levels.

You collected 59 gold pieces.

Inventory:

Missiles
 c - 9 stones
Armour
 a - a +0 robe (worn)
 f - a +0 helmet
 o - a +0 robe
Scrolls
 h - a scroll of blinking {unknown}
 i - a scroll of acquirement {unknown}
 k - a scroll of vulnerability {unknown}
 l - a scroll of poison {unknown}
 n - 2 scrolls of identify {unknown}
Potions
 b - a potion of magic
 d - 2 potions of brilliance {unknown}
 j - a potion of haste {unknown}
 m - a potion of curing {unknown}


   Skills:
 + Level 3.7 Dodging
 + Level 4.2 Stealth
 + Level 3.5 Spellcasting
 + Level 3.3 Conjurations


You had 7 spell levels left.
You knew the following spells:

 Your Spells              Type           Power      Damage    Failure   Level
a - Magic Dart            Conj           68%        1d6       3%          1
b - Searing Ray           Conj           34%        2d5       4%          2

Your spell library contained the following spells:

 Spells                   Type           Power      Damage    Failure   Level
 Dazzling Flash           Conj/Hex       20%        N/A       19%         3
 Fulminant Prism          Conj/Hex       5%         3d7       54%         4
 Iskenderun's Mystic Bla  Conj/Tloc      10%        2d4       54%         4


Dungeon Overview and Level Annotations

Branches:
Dungeon (4/15)
 Temple: D:4-7

Altars:
Yredelemnul


Innate Abilities, Weirdness & Mutations

You are very small and have problems with some larger weapons.
You are too small for most types of armour.
You have supernaturally acute eyesight. (SInv)
You cover ground extremely quickly. (Speed+++)


Message History

Aim: a water moccasin (ally target, 63% to hit)
The searing ray misses the water moccasin. (Press . to maintain the ray.)
The searing ray hits the water moccasin.
The water moccasin is moderately wounded.
The searing ray misses the water moccasin.
The water moccasin bites you!
You are lethally poisoned!
The water moccasin poisons you!
Your kobold zombie hits the water moccasin.
The water moccasin closely misses you.
The searing ray misses the water moccasin.
You finish channelling your searing ray.
You feel very sick. The water moccasin closely misses you.
Your kobold zombie completely misses the water moccasin.
You feel sick. The water moccasin barely misses you.
You feel sick.
Your kobold zombie hits the water moccasin.
You see here a scroll labelled EWKEIW GUAG.
You feel sick.
Found a dagger and 15 gold pieces.
Found a stone staircase leading up.
* * * LOW HITPOINT WARNING * * *
You feel sick.
As you read the scroll labelled SIARAUH KEDIGE, it crumbles to dust.
It is a scroll of amnesia.
Okay, then.
* * * LOW HITPOINT WARNING * * *
You feel sick.
The water moccasin completely misses you.
As you read the scroll labelled NUMIUXK USYH, it crumbles to dust.
You hear the tinkle of a tiny bell.
It was a scroll of butterflies.
* * * LOW HITPOINT WARNING * * *
You feel sick. The water moccasin bites you.
* * * LOW HITPOINT WARNING * * *
You are more poisoned.
The water moccasin poisons you!
You swap places.
You die...
Your body rises from the dead as a mindless zombie.

####################
#....#..............
#....#...?bb........
#....'...b..b.....).
#....#...ZSb@.......
#....#..)bbbbb......
#....#...bb)b....##.
#....##..........#
#....##...........<
#....#..............
#....#............$.
#.<..+....##.....##.
#.)..#


You could see a water moccasin (ally target) and a friendly kobold zombie.

Vanquished Creatures
  2 adders (D:2)
  A worm (D:2)
  3 bats
  5 endoplasms
  A giant cockroach (D:1)
  7 goblins
  2 hobgoblins (D:2)
  2 ball pythons (D:2)
  4 frilled lizards
  5 kobolds
  8 rats
40 creatures vanquished.

Vanquished Creatures (collateral kills)
  A dart slug (D:1)
  An endoplasm (D:1)
  A hobgoblin (D:2)
  2 kobolds (D:1)
  2 quokkas (D:1)
  A ball python (D:1)
  A frilled lizard (D:1)
9 creatures vanquished.

Vanquished Creatures (others)
  2 bat zombies (D:1)
  A rat zombie (D:2)
3 creatures vanquished.

Grand Total: 52 creatures vanquished

Notes
Turn   | Place    | Note
-------+----------+-------------------------------------------
     0 | D:1      | xsamass the Spriggan Conjurer began the quest for the Orb.
     0 | D:1      | Reached XP level 1. HP: 9/9 MP: 5/5
   126 | D:1      | Found a faded altar of an unknown god.
   134 | D:1      | Prayed at the altar of an unknown god.
   134 | D:1      | Became a worshipper of Yredelemnul the Dark
   134 | D:1      | Reached * piety under Yredelemnul
   336 | D:1      | Reached XP level 2. HP: 13/13 MP: 4/6
   598 | D:1      | Learned a level 2 spell: Searing Ray
  1002 | D:1      | Reached ** piety under Yredelemnul
  1552 | D:2      | Reached XP level 3. HP: 16/16 MP: 4/8
  1997 | D:2      | Reached skill level 4 in Stealth
  2091 | D:2      | Identified the +11 short sword "Camuxom" {protect, rC+
                  | Will+}
  2537 | D:2      | Reached XP level 4. HP: 21/21 MP: 4/10
  2754 | D:4      | Noticed a water moccasin
  2768 | D:4      | HP: 1/21 [water moccasin (2)]
  2769 | D:4      | Succumbed to a water moccasin's poison

Illustrated notes

Levels and vault maps discovered:
D:1:      psy_arrival_heroes, layout_basic, basic_ecumenical_altar,
          grunt_decor_mini_mirrors
D:2:      layout_basic, minmay_pentomino_p4
D:3:      layout_basic, serial_shops, shop, uniq_natasha
D:4:      layout_gridville

Skill      XL: |  1  2  3 |
---------------+----------+-----
Conjurations   | 3 |  3.3
Dodging        | 3 |  3.7
Spellcasting   | 3 |  3.5
Stealth        | 4 |  4.2

Action                   |  1- 3 |  4- 6 || total
-------------------------+-------+-------++-------
Melee: Unarmed           |     3 |       ||     3
 Cast: Magic Dart        |     6 |       ||     6
       Searing Ray       |    36 |     5 ||    41
  Use: Scroll            |       |     2 ||     2
Armor: Robe              |     4 |       ||     4
Dodge: Dodged            |    11 |     4 ||    15
